 Dungeon Crawl Stone Soup version 0.30-b1-2-g02819fbbbe (webtiles) character file.

Game seed: 17001951940499954483

565 asdfasdf the Chopper (level 7, -13/61 HPs)
             Began as a Hill Orc Fighter on May 4, 2023.
             Mangled by a two-headed ogre
             ... wielding a +0 giant club
              (21 damage)
             ... on level 5 of the Dungeon.
             The game lasted 00:09:20 (3542 turns).

asdfasdf the Chopper (Hill Orc Fighter)             Turns: 3542, Time: 00:09:21

Health: -13/61     AC: 13    Str: 19    XL:     7   Next: 32%
Magic:  7/7        EV:  5    Int:  6    God:
Gold:   1108       SH:  5    Dex: 12    Spells: 6/6 levels left

rFire   . . .        a - +0 war axe
rCold   . . .        c - +0 buckler
rNeg    . . .        m - +0 plate armour
rPois   .            e - +0 helmet
rElec   +            (no cloak)
rCorr   .            (no gloves)
SInv    .            (no boots)
Will    .....        (no amulet) Stlth
                     (no ring)
HPRegen 1.10/turn    (no ring)
MPRegen 0.10/turn

%: no passive effects
@: no status effects
A: dopey 1, regeneration 1, electricity resistance
a: no special abilities


You were on level 5 of the Dungeon.
You visited 1 branch of the dungeon, and saw 5 of its levels.
You also visited: Sewer.

You collected 1108 gold pieces.

Inventory:

Hand Weapons
 a - a +0 war axe (weapon)
Missiles
 k - a throwing net (quivered)
Armour
 c - a +0 buckler (worn)
 e - a +0 helmet (worn)
 m - a +0 plate armour (worn)
Jewellery
 g - a ring of protection from fire
 r - a +4 ring of slaying
 s - a ring of see invisible
Scrolls
 f - a scroll of identify
 j - 8 scrolls of teleportation
Potions
 b - a potion of cancellation {unknown}
 d - a potion of mutation
 n - 4 potions of heal wounds {unknown}
 p - a potion of haste
 t - a potion of magic {unknown}
 u - a potion of brilliance {unknown}
 v - a potion of lignification
 w - a potion of berserk rage


   Skills:
 + Level 5.1 Fighting
 + Level 7.3 Axes
 + Level 5.1 Armour
 + Level 0.6 Dodging
 + Level 4.3 Shields


You had 6 spell levels left.
You didn't know any spells.
Your spell library contained the following spells:

 Spells                   Type           Power      Damage    Failure   Level
 Slow                     Hex            0%         N/A       100%        1
 Blink                    Tloc           0%         N/A       100%        2
 Lesser Beckoning         Tloc           0%         N/A       100%        2
 Momentum Strike          Conj/Tloc      0%         3d8       100%        2
 Confusing Touch          Hex            0%         N/A       100%        3
 Portal Projectile        Hex/Tloc       0%         N/A       100%        3
 Tukima's Dance           Hex            0%         N/A       100%        3
 Vampiric Draining        Necr           0%         2d6       100%        3
 Blade Hands              Tmut           0%         N/A       100%        5


Dungeon Overview and Level Annotations

Branches:
Dungeon (5/15)              Sewer (visited)
 Temple: D:4-7

Altars:
Ru
Sif Muna

Shops:
D:5 (


Innate Abilities, Weirdness & Mutations

You are dopey. (Int -2)
Your natural rate of healing is unusually fast.
You are resistant to electric shocks. (rElec)


Message History

You now have 1098 gold pieces (gained 11).
You now have 1108 gold pieces (gained 10).
Things that are here:
a +0 club; a +0 leather armour; an orc corpse You pick up a book of Spatial Translocations and begin reading...
You add the spells Blink, Momentum Strike and Lesser Beckoning to your library.
Found a long sword.
As you open the door, it creaks loudly!
Found Deziras's Weapon Shoppe.
There is an open door here.
There is an entrance to Deziras's Weapon Shoppe here.
You open the door.
There is an open door here.
Found an escape hatch in the ceiling.
You open the large door.
Found a long sword.
There is a large open door here.
A two-headed ogre comes into view.
It is wielding a +0 giant club and a +0 giant spiked club.
Found 13 gold pieces.
Found a scroll of identify.
Found 9 gold pieces.
The two-headed ogre hits you with a +0 giant club.
The two-headed ogre hits you with a +0 giant spiked club!
You hit the two-headed ogre.
The two-headed ogre is lightly wounded.
You barely miss the two-headed ogre.
The two-headed ogre is lightly wounded.
The two-headed ogre hits you but does no damage.
The two-headed ogre hits you with a +0 giant spiked club!
You hit the two-headed ogre.
The two-headed ogre is lightly wounded.
The two-headed ogre hits you with a +0 giant club!!
* * * LOW HITPOINT WARNING * * *
You block the two-headed ogre's attack.
You hit the two-headed ogre but do no damage.
The two-headed ogre is lightly wounded.
The two-headed ogre hits you with a +0 giant club.
* * * LOW HITPOINT WARNING * * *
The two-headed ogre hits you with a +0 giant spiked club!!
You die...

.......#######..##....
#<............##.......
#.##..#########........
##....#####........$
####...##..........
###.#.....).....
#.#...........
#.#.......♣..♣
#.'...@O...♣
#.'........♣
#.#.......♣$?♣
###...........
#...........
##..........
##......... ##........


You could see a two-headed ogre.

Vanquished Creatures
  A phantom (D:4)
  2 bullfrogs (Sewer)
  A scorpion (D:4)
  A hound (D:4)
  An orc wizard (D:5)
  A sleepcap (D:3)
  7 adders
  4 river rats (Sewer)
  An ufetubus (D:4)
  A worm (D:2)
  A dart slug (D:1)
  4 orcs (D:5)
  20 ball pythons
  8 endoplasms
  6 giant cockroaches
  6 goblins
  9 hobgoblins
  7 jackals
  4 quokkas
  2 bats
  A frilled lizard (D:1)
  6 kobolds
  27 rats
121 creatures vanquished.

Notes
Turn   | Place    | Note
-------+----------+-------------------------------------------
     0 | D:1      | asdfasdf the Hill Orc Fighter began the quest for the Orb.
     0 | D:1      | Reached XP level 1. HP: 19/19 MP: 1/1
    92 | D:1      | Reached XP level 2. HP: 26/27 MP: 2/2
   265 | D:1      | Reached skill level 3 in Axes
   311 | D:1      | Reached XP level 3. HP: 33/33 MP: 3/3
  1162 | D:2      | Reached skill level 4 in Axes
  1729 | D:3      | Reached XP level 4. HP: 40/40 MP: 4/4
  1809 | D:3      | Gained mutation: You have supernaturally acute eyesight.
                  | (SInv) [potion of mutation]
  1809 | D:3      | Gained mutation: You have large cloven feet. [potion of
                  | mutation]
  1810 | D:3      | Lost mutation: You have large cloven feet. [potion of
                  | mutation]
  1810 | D:3      | Lost mutation: You have supernaturally acute eyesight.
                  | (SInv) [potion of mutation]
  1810 | D:3      | Gained mutation: You are dopey. (Int -2) [potion of
                  | mutation]
  1810 | D:3      | Gained mutation: You are resistant to electric shocks.
                  | (rElec) [potion of mutation]
  1810 | D:3      | Gained mutation: Your natural rate of healing is unusually
                  | fast. [potion of mutation]
  2212 | D:3      | Found a shimmering blue altar of Sif Muna.
  2454 | D:4      | Noticed a phantom
  2470 | D:4      | Killed a phantom
  2471 | D:4      | Reached skill level 5 in Axes
  2471 | D:4      | Reached XP level 5. HP: 46/46 MP: 5/5
  2498 | D:4      | Reached XP level 6. HP: 38/52 MP: 6/6
  2603 | D:4      | Found a glowing drain.
  2612 | Sewer    | Entered a sewer
  2638 | Sewer    | Reached skill level 6 in Axes
  2953 | Sewer    | Reached skill level 5 in Armour
  2956 | Sewer    | Reached skill level 7 in Axes
  2956 | Sewer    | Reached XP level 7. HP: 17/60 MP: 7/7
  2984 | D:4      | Identified a scroll of acquirement
  2984 | D:4      | Acquired 916 gold pieces
  3387 | D:5      | Entered Level 5 of the Dungeon
  3424 | D:5      | Found a sacrificial altar of Ru.
  3454 | D:5      | Reached skill level 5 in Fighting
  3499 | D:5      | Found Deziras's Weapon Shoppe.
  3535 | D:5      | Noticed a two-headed ogre
  3542 | D:5      | Mangled by a two-headed ogre

Illustrated notes

Levels and vault maps discovered:
D:1:      dpeg_arrival_stonehenge_8_columns, layout_basic, grunt_decor_junction
D:2:      layout_loops_corners
D:3:      layout_loops_ring, mainiacjoe_overflow_concentric_impassable,
          hangedman_glass_teeth, hangedman_decor_push
D:4:      layout_basic, portal_sewer_entry_d
D:5:      kennysheep_big_flooded_room, layout_rooms,
          mainiacjoe_overflow_small_starburst, lemuel_crystal_altar,
          serial_shops, nicolae_shop_rolling_square, minmay_shop_grid_forest

Skill      XL: |  1  2  3  4  5  6  7 |
---------------+----------------------+-----
Axes           | 3 4 5 7 |  7.3
Fighting       | 4 5 |  5.1
Armour         | 4 5 |  5.1
Shields        | 4 |  4.3
Dodging        | |  0.6

Action                     |  1- 3 |  4- 6 |  7- 9 || total
---------------------------+-------+-------+-------++-------
  Melee: War axe           |   129 |   142 |    57 ||   328
    Use: Potion            |       |     6 |       ||     6
         Scroll            |       |       |     9 ||     9
 Armour: Scale mail        |    42 |       |       ||    42
         Plate armour      |    29 |   169 |    57 ||   255
  Dodge: Dodged            |    59 |    60 |    15 ||   134
  Block: Buckler           |    23 |    54 |    13 ||    90
